Map: Ruins of Seras

Players

MorN - Winner!

  • Race: Terran Terran

zztop

  • Race: Zerg Zerg
  • League: Bronze

VOD

Have the link to the VOD?

Description

Time

  • Played on: Nov. 16, 2015, 10:43 p.m.
  • Length: 9:26
Show
View Real Time Build Order
Export as new Build Order

MorN Terran - Winner!

Build Orders: Liberator Opening, Reaper Expand, MMM Bio 

Get SALT Encoding   

  12  0:00  SCV  
  13  0:13  SCV  
  14  0:18  Supply Depot  
  14  0:25  SCV  
  15  0:40  SCV  
  16  0:43  Barracks  
  16  0:49  Refinery  
  16  0:52  SCV  
  17  1:04  SCV  
  18  1:16  SCV  
  19  1:31  Reaper, Orbital Command  
  20  1:44  Command Center  
  20  1:56  Supply Depot  
  20  1:57  SCV  
  21  2:03  Reaper  
  22  2:09  SCV  
  23  2:22  SCV  
  24  2:30  Factory  
  24  2:40  SCV, Refinery  
  25  2:45  Barracks Reactor  
  25  2:52  SCV  
  25  2:55  Command Center  
  26  3:00  Orbital Command  
  26  3:11  SCV  
  27  3:16  Starport  
  27  3:28  Barracks Tech Lab  
  27  3:35  SCV, Hellion x2  
  27  3:37  SCV  
  33  3:54  SCV, Liberator  
  34  3:57  Hellion x2  
  34  3:58  Stimpack  
  38  4:04  SCV  
  38  4:06  SCV, Orbital Command  
  40  4:11  Marine  
  44  4:19  SCV x2  
  46  4:24  Hellion x2  
  46  4:29  Marine  
  46  4:31  SCV x2  
  53  4:40  SCV  
  54  4:50  Marine  
  55  4:56  Starport Reactor  
  55  4:57  SCV, Barracks  
  55  4:59  SCV, Barracks  
  57  5:01  Factory Reactor  
  57  5:04  Refinery  
  57  5:05  Refinery  
  57  5:06  Supply Depot, Engineering Bay  
  57  5:07  Supply Depot, Engineering Bay, SCV  
  58  5:18  SCV x2  
  60  5:23  SCV  
  61  5:30  SCV x2  
  61  5:32  Supply Depot  
  61  5:33  Supply Depot  
  61  5:35  SCV  
  64  5:39  Medivac x2  
  64  5:42  SCV  
  69  5:51  SCV x2  
  69  5:57  Marauder, Marine x2  
  73  5:58  SCV  
  73  6:00  Factory Reactor  
  73  6:02  Supply Depot  
  73  6:03  SCV x2  
  73  6:04  Supply Depot, Marine x2  
  78  6:08  Terran Infantry Weapons Level 1  
  78  6:09  Medivac  
  78  6:10  Terran Infantry Armor Level 1  
  78  6:11  Supply Depot  
  82  6:12  SCV  
  82  6:14  Marine x2  
  82  6:16  Combat Shields  
  82  6:18  Marine  
  86  6:22  Marine x2  
  86  6:25  SCV x3  
  91  6:29  Supply Depot  
  91  6:33  Orbital Command  
  91  6:36  Barracks  
  91  6:37  Barracks  
  88  6:41  Marine x2  
  88  6:42  Marine x3  
  88  6:43  Widow Mine x2  
  97  6:56  Armory  
  97  6:59  Marine x3  
  97  7:00  Marine x2  
  99  7:13  Supply Depot  
  99  7:14  Bunker  
  99  7:15  Supply Depot  
  99  7:16  SCV x3  
  99  7:17  Marine x3  
  99  7:19  Marine x2  
  99  7:20  Medivac x2  
  111  7:26  Barracks Reactor x2  
  111  7:30  SCV x2  
  111  7:34  SCV  
  111  7:35  Marine x3  
  117  7:40  Marauder  
  117  7:42  SCV  
  120  7:46  Marine  
  120  7:47  SCV  
  122  7:53  Marine x2  
  118  8:01  Marauder  
  118  8:02  SCV  
  118  8:03  SCV x2  
  118  8:05  Refinery  
  123  8:09  Factory  
  123  8:13  Command Center  
  123  8:14  SCV  
  123  8:15  SCV x2  
  123  8:16  Widow Mine x2  
  130  8:21  Marine x7  
  130  8:22  Marine x2  
  130  8:27  SCV x2  
  141  8:32  Supply Depot  
  141  8:33  Supply Depot x2  
  141  8:48  Supply Depot  
  141  8:50  Barracks  
  141  8:51  Barracks x2  
  141  8:54  SCV, Marine x9  
  151  8:58  Factory Tech Lab  
Show
View Real Time Build Order
Export as new Build Order

zztop Zerg 

Build Orders: Hatch First 

Get SALT Encoding   

  12  0:01  Drone  
  13  0:08  Drone  
  14  0:17  Drone, Extractor  
  15  0:23  Overlord  
  15  0:42  Drone x2  
  17  0:47  Drone  
  18  1:04  Hatchery  
  17  1:09  Drone x2  
  19  1:22  Spawning Pool  
  19  1:23  Extractor  
  17  1:48  Drone x2  
  19  2:05  Drone  
  19  2:06  Overlord  
  19  2:08  Queen  
  20  2:13  Overlord  
  22  2:20  Queen  
  24  2:27  Metabolic Boost  
  24  2:35  Drone x2  
  26  2:44  Queen  
  26  2:45  Zergling x2  
  29  2:52  Drone x2  
  29  2:53  Overlord  
  31  3:23  Queen  
  31  3:27  Drone x7  
  35  3:28  Drone  
  41  3:34  Zergling x2  
  42  3:44  Roach Warren  
  37  3:57  Zergling x4  
  37  3:58  Queen  
  40  4:18  Drone x2  
  40  4:19  Drone x3  
  43  4:40  Roach  
  43  4:41  Roach x3  
  43  4:43  Overlord x3  
  51  4:53  Overlord  
  51  4:54  Extractor  
  50  5:03  Evolution Chamber  
  50  5:04  Evolution Chamber  
  50  5:05  Queen  
  50  5:07  Overlord  
  50  5:11  Lair  
  50  5:26  Zergling x10  
  50  5:27  Zergling x2  
  57  5:31  Zerg Melee Weapons Level 1  
  57  5:33  Spore Crawler  
  55  5:45  Spore Crawler  
  48  6:30  Roach x5  
  58  6:36  Baneling Nest  
  58  6:37  Drone x4  
  58  6:38  Drone  
  62  6:46  Drone x4  
  62  6:47  Drone x2  
  68  7:13  Zergling x2  
  68  7:14  Zergling x22  
  79  7:35  Baneling  
  79  7:36  Spire, Baneling x2  
  78  7:42  Extractor x2  
  74  7:59  Baneling x4  
  74  8:00  Baneling  
  74  8:16  Drone x2  
  74  8:17  Drone x10  
  86  8:20  Overlord  
  84  8:42  Zergling x12  
  80  9:04  Zergling x6  
  80  9:05  Zergling x10  
Tags
 
Add a new tag
Caveats
  • Supply blocks, unpowered buildings, or Contaminate may cause inaccurate times.
  • Supply counts are checked every 10 seconds.